AoeStats
← 钓鱼佬

Lombardia

508642215Analyzed
4v4 RM · 10d ago on Sep 23, 2026· 47m 33s· 8 players
Game mode
Random Map
Map size
Large (8 player)
Population
200
Speed
Normal
Resources
Standard
Victory
Conquest
Starting age
Dark Age
Ending age
Imperial Age
RankedLock teamsTeams togetherTeam positionsShared explorationLock speedFull tech treeHidden civsTurbo modeCheats
Victory
Defeat
🇺🇸 Saracens · United States
1450
+17
🇦🇷 Varangians · Argentina
1400
+19
🇨🇳 Varangians · China
1398
+19
🇩🇪 Khmer · Germany
1387
+19
🇨🇳 Dravidians · China
1580
-24
🇨🇳 Saracens · China
1518
-21
🇨🇳 Danes · China
1384
-15
🇨🇳 Danes · China
1362
-14
Pocket Lint
11:13 Feudal Age
15:22 Castle Age
13:09 Double-Bit Axe
13:09 Horse Collar
16:29 Bow Saw
16:32 Heavy Plow
18:57 Loom
22:37 Wheelbarrow
23:31 Gold Mining
24:01 Scale Barding Armor
24:07 Forging
24:56 Fletching
25:32 Hand Cart
26:03 Bodkin Arrow
26:30 Chain Barding Armor
27:21 Stone Mining
27:26 Town Watch
29:40 Iron Casting
32:55 Imperial Age
32:23 Gold Shaft Mining
32:31 Bloodlines
32:21 Husbandry
33:02 Masonry
34:15 Plate Barding Armor
34:42 Blast Furnace
34:11 Conscription
36:20 Caravan
36:10 Elite Mameluke
37:17 Bracer
40:52 Hoardings
40:23 Onager
41:10 Siege Engineers
42:06 Chemistry
41:09 Padded Archer Armor
41:36 Ballistics
41:24 Capped Ram
42:16 Siege Ram
43:46 Town Patrol
45:30 Two-Man Saw
46:08 Counterweights
Krabbel
13:15 Feudal Age
15:56 Castle Age
13:44 Double-Bit Axe
13:42 Horse Collar
16:38 Heavy Plow
16:51 Bow Saw
21:47 Wheelbarrow
24:05 Hand Cart
23:46 Gold Mining
23:46 Stone Mining
27:53 Gold Shaft Mining
32:12 Imperial Age
30:03 Caravan
30:36 Scale Barding Armor
30:42 Forging
30:58 Bloodlines
30:48 Husbandry
31:21 Tusk Swords
31:46 Chain Barding Armor
33:19 Iron Casting
32:46 Husbandry
33:38 Conscription
34:53 Elite Battle Elephant
36:52 Plate Barding Armor
37:55 Blast Furnace
43:20 Light Cavalry
45:10 Hussar
Imrik
10:59 Feudal Age
14:44 Castle Age
12:34 Double-Bit Axe
12:35 Horse Collar
15:49 Bow Saw
16:21 Loom
21:50 Wheelbarrow
22:04 Stone Mining
23:38 Hand Cart
24:05 Gold Mining
24:59 Stone Shaft Mining
25:38 Town Watch
28:43 Imperial Age
26:46 Heavy Plow
27:42 Elite Skirmisher
28:13 Fletching
28:41 Padded Archer Armor
29:22 Bloodlines
29:12 Husbandry
28:53 Elite Jarl
29:53 Conscription
29:39 Scale Barding Armor
29:44 Forging
31:29 Two-Man Saw
31:07 Crop Rotation
30:36 Gothikon
32:18 Iron Casting
32:03 Chain Barding Armor
32:17 Chain Barding Armor
32:44 Treadmill Crane
34:43 Blast Furnace
34:23 Fortified Wall
35:15 Chemistry
35:11 Masonry
35:09 Scale Mail Armor
35:45 Plate Barding Armor
35:30 Town Patrol
37:40 Bodkin Arrow
37:45 Padded Archer Armor
38:34 Bracer
38:25 Light Cavalry
38:30 Onager
39:04 Onager
41:20 Ballistics
41:31 Architecture
41:30 Murder Holes
41:43 Siege Engineers
43:34 Caravan
45:05 Hussar
Mllento
11:04 Feudal Age
14:45 Castle Age
13:13 Double-Bit Axe
13:41 Horse Collar
19:03 Bow Saw
23:13 Wheelbarrow
25:09 Hand Cart
25:18 Gold Mining
25:46 Loom
25:46 Town Watch
25:57 Stone Mining
30:29 Imperial Age
28:01 Scale Mail Armor
28:11 Forging
28:58 Squires
28:50 Arson
29:22 Chain Mail Armor
29:27 Heavy Plow
30:13 Gambesons
31:05 Iron Casting
30:58 Treadmill Crane
31:02 Elite Varangian Guard
32:14 Plate Mail Armor
33:07 Blast Furnace
32:57 Fletching
33:13 Scale Barding Armor
33:57 Stone Shaft Mining
34:08 Masonry
34:29 Conscription
33:31 Gothikon
35:57 Siege Engineers
36:08 Fortified Wall
36:17 Guilds
37:27 Two-Man Saw
36:28 Capped Ram
37:21 Siege Ram
38:43 Padded Archer Armor
43:14 Leather Archer Armor
43:20 Chain Barding Armor
42:56 Murder Holes
44:02 Chemistry
44:27 Caravan
44:57 Coinage
46:10 Banking
47:29 Bodkin Arrow
SaKuRuaba Ema
11:41 Feudal Age
12:58 Double-Bit Axe
12:54 Horse Collar
16:07 Castle Age
14:43 Gold Mining
17:39 Bow Saw
19:15 Wheelbarrow
21:58 Loom
22:30 Hand Cart
22:04 Town Watch
24:36 Heavy Plow
25:47 Stone Mining
27:43 Gold Shaft Mining
29:52 Town Patrol
32:26 Imperial Age
30:02 Scale Barding Armor
30:07 Forging
32:09 Fortified Wall
31:55 Murder Holes
32:20 Ballistics
32:10 Masonry
32:41 Bloodlines
32:31 Husbandry
33:33 Chain Barding Armor
33:49 Iron Casting
33:42 Conscription
32:47 Elite Mameluke
34:15 Caravan
34:50 Plate Barding Armor
36:26 Blast Furnace
37:32 Bimaristan
38:59 Counterweights
39:28 Hoardings
39:26 Fletching
40:38 Chemistry
40:47 Coinage
40:06 Onager
42:04 Chemistry
41:34 Siege Engineers
44:12 Banking
43:53 Bodkin Arrow
初中王
11:39 Feudal Age
15:22 Castle Age
13:31 Double-Bit Axe
13:34 Horse Collar
16:19 Bow Saw
17:14 Heavy Plow
23:53 Wheelbarrow
24:13 Forging
26:01 Hand Cart
30:21 Imperial Age
29:34 Iron Casting
29:24 Squires
29:45 Scale Mail Armor
29:36 Loom
31:06 Hamask
32:06 Conscription
33:41 Blast Furnace
32:57 Chain Mail Armor
33:05 Elite Jomsviking
36:16 Plate Mail Armor
35:49 Town Watch
36:29 Elite Varangian Guard
36:55 Arson
46:17 Caravan
钓鱼佬
7:40 Loom
10:28 Feudal Age
11:55 Horse Collar
12:01 Double-Bit Axe
15:34 Wheelbarrow
19:43 Castle Age
23:02 Bow Saw
27:18 Heavy Plow
28:06 Gold Mining
28:43 Hand Cart
28:53 Town Watch
29:03 Stone Mining
33:12 Imperial Age
32:33 Padded Archer Armor
32:23 Fletching
33:04 Town Patrol
33:53 Ballistics
33:51 Leather Archer Armor
33:40 Elite Elephant Archer
34:25 Thumb Ring
34:31 Medical Corps
34:49 Conscription
35:33 Chemistry
34:31 Bodkin Arrow
35:36 Bracer
36:06 Ring Archer Armor
35:56 Caravan
36:26 Coinage
36:07 Guilds
41:04 Elite Skirmisher
快乐的菜鸟
12:09 Feudal Age
13:17 Double-Bit Axe
13:13 Horse Collar
16:02 Castle Age
14:56 Fletching
16:55 Bow Saw
16:56 Bodkin Arrow
17:27 Gold Mining
18:31 Town Watch
19:40 Wheelbarrow
22:24 Padded Archer Armor
24:21 Bloodlines
24:55 Husbandry
26:02 Hand Cart
27:08 Heavy Plow
29:53 Leather Archer Armor
30:01 Ballistics
33:31 Imperial Age
31:09 Scale Mail Armor
31:14 Scale Barding Armor
31:10 Scale Mail Armor
31:20 Forging
31:01 Loom
31:16 Town Patrol
33:48 Gold Shaft Mining
33:21 Stone Mining
33:33 Heavy Mounted Crossbowman
33:34 Cranequins
34:20 Thumb Ring
35:19 Chemistry
34:22 Bracer
33:44 Pikeman
33:45 Man-at-Arms
34:11 Gambesons
34:26 Squires
34:38 Long Swordsman
34:59 Pikeman
35:29 Two-Handed Swordsman
36:25 Chain Mail Armor
36:45 Iron Casting
36:04 Halberdier
36:35 Champion
38:08 Plate Mail Armor
39:00 Caravan
Connection lost

Rejoining the realm…

Still unreachable

The connection could not be restored.

Session expired

The server has moved on; the page needs a fresh start.